 Dungeon Crawl Stone Soup version 0.18-a0-1576-g2b87869 (webtiles) character file.

34 Oddball22 the Conjurer (level 3, -3/26 HPs)
             Began as a Demigod Conjurer on Mar 17, 2016.
             Slain by a goblin (4 damage)
             ... led by Robin
             ... on level 2 of the Dungeon.
             The game lasted 00:05:02 (1407 turns).

Oddball22 the Conjurer (Demigod Conjurer)           Turns: 1407, Time: 00:05:02

Health: -3/26      AC:  2    Str: 11    XL:     3   Next: 1%
Magic:  7/9        EV: 13    Int: 21    God:
Gold:   58         SH:  0    Dex: 16    Spells: 2 memorised, 4 levels left

rFire  . . .     SeeInvis .     r - +2 dagger (venom)
rCold  . . .     Gourm    .     a - +0 robe
rNeg   . . .     Faith    .     (no shield)
rPois  .         Spirit   .     (no helmet)
rElec  .         Dismiss  .     (no cloak)
rCorr  .         Reflect  .     (no gloves)
SustAt +         Harm     .     (no boots)
MR     .....                    (no amulet)
Stlth  +++.......               (no ring)
                                g - ring of stealth

@: not resistant to hostile enchantments, fairly stealthy
A: high mp 1, sustain attributes
a: no special abilities


You were on level 2 of the Dungeon.
You were not hungry.

You visited 1 branch of the dungeon, and saw 2 of its levels.

You collected 58 gold pieces.

Inventory:

Hand Weapons
 r - a +2 dagger of venom (weapon)
Armour
 a - a +0 robe (worn)
Jewellery
 g - a ring of stealth (left hand)
Scrolls
 h - a scroll of magic mapping
Potions
 e - a potion of curing {unknown}
 i - a potion of flight {unknown}
 n - a potion of brilliance {unknown}
Books
 b - a book of Conjurations

   Spells                             Type                      Level
   a - Magic Dart                     Conjuration                  1
   b - Searing Ray                    Conjuration                  2
   c - Dazzling Spray                 Conjuration/Hexes            3
   d - Fulminant Prism                Conjuration/Hexes            4
   e - Iskenderun's Mystic Blast      Conjuration                  4
   f - Iskenderun's Battlesphere      Conjuration/Charms           5
Comestibles
 c - a bread ration
 f - 2 meat rations
 k - 3 chunks of flesh
 m - a royal jelly


   Skills:
 + Level 2.2 Dodging
 - Level 1.7 Stealth
 * Level 2.5 Spellcasting
 + Level 3.8 Conjurations


You had 4 spell levels left.
You knew the following spells:

 Your Spells              Type           Power        Failure   Level  Hunger
a - Magic Dart            Conj           ###.         3%          1    None
b - Searing Ray           Conj           ###...       6%          2    ##.....


Dungeon Overview and Level Annotations

Branches:
Dungeon (2/15)

Annotations:
D:2 Robin


Innate Abilities, Weirdness & Mutations

You have an increased reservoir of magic (+10% MP).
Your attributes are resistant to harm.


Message History

Robin roars a battlecry!
The goblins go into a battle-frenzy!
The goblin hits you. Robin throws the goblin at you!
The goblin hits you but does no damage. The hobgoblin hits you.
You hit the goblin.
The goblin is poisoned.
The goblin is severely wounded.
The goblin barely misses you. The goblin closely misses you.
The goblin hits you with a dagger.
* * * LOW HITPOINT WARNING * * *
The hobgoblin hits you.
* * * LOW HITPOINT WARNING * * *
You hit the goblin.
You kill the goblin!
You have reached level 3!
Your experience leads to an increase in your attributes!
Increase (S)trength, (I)ntelligence, or (D)exterity?
You feel clever. x2
The goblin hits you.
You die...

##....##### #######......
#.....# **,..g*##.....
#.....# *,...,* #.....
#.....# *gg#****#..###
#.....#### ####g.# *.......
#.##.....###.g...# #.##.###
#.##.......gg...###*#.*#.#*
#.#....(..gggg.[..#,#,*#..*
#.#......##@#####.#..,**#.##
#.#......##)#.....#.#** #..#
*,#......+..#...".#.# *#.#
*........####..##.#.# #..
####.....# #..##.#.# ##.
#.....# #.<##.#.# #. *******
#.###.#.#######'
#####.....#'##......
#...................


You could see Robin, 2 hobgoblins and 7 goblins.

Vanquished Creatures
  A worm (D:2)
  2 dart slugs (D:1)
  A giant gecko (D:1)
  5 goblins
  4 hobgoblins
  A ball python (D:2)
  4 bats
  4 giant newts (D:1)
  2 kobolds (D:1)
  3 rats (D:1)
27 creatures vanquished.

Notes
Turn   | Place    | Note
--------------------------------------------------------------
     0 | D:1      | Oddball22 the Demigod Conjurer began the quest for the Orb.
     0 | D:1      | Reached XP level 1. HP: 14/14 MP: 5/5
   410 | D:1      | Reached XP level 2. HP: 18/20 MP: 5/7
   474 | D:1      | Learned a level 2 spell: Searing Ray
  1030 | D:2      | Found a shattered altar of Ashenzari.
  1402 | D:2      | Noticed Robin
  1406 | D:2      | HP: 1/20 [hobgoblin[Robin] (4)]
  1407 | D:2      | Reached XP level 3. HP: 1/26 MP: 7/9
  1407 | D:2      | Slain by a goblin

Vault maps used:
D:1:      dpeg_arrival_rhombus
D:2:      nicolae_ashenzari_panopticon, uniq_robin

Skill      XL: |  1  2 |
---------------+-------+-----
Spellcasting   | 2 |  2.5
Dodging        | 2 |  2.2
Stealth        | |  1.7
Conjurations   | |  3.8

Action                   || total
-------------------------++-------
Melee: Dagger            ||     9
 Cast: Magic Dart        ||    52
  Use: Scroll            ||     6
  Eat: Chunk             ||     2
